 Dungeon Crawl Stone Soup version 0.22-a0-460-g49b1da7 (webtiles) character file.

172 4thArraOfDagon the Chopper (level 5, -13/47 HPs)
             Began as a Hill Orc Fighter on June 9, 2018.
             Was an Initiate of Beogh.
             Killed themself with a badly aimed iceblast (15 damage)
             ... on level 8 of the Dungeon.
             The game lasted 00:03:06 (787 turns).

4thArraOfDagon the Chopper (Hill Orc Fighter)        Turns: 787, Time: 00:03:07

Health: -13/47     AC:  7    Str: 19    XL:     5   Next: 53%
Magic:  5/5        EV:  9    Int:  9    God:    Beogh [......]
Gold:   94         SH:  0    Dex: 10    Spells: 4/4 levels left

rFire    . . .     SeeInvis .   a - +0 war axe
rCold    . . .     Gourm    .   (no shield)
rNeg     . . .     Faith    .   b - +0 scale mail
rPois    .         Spirit   .   (no helmet)
rElec    .         Reflect  .   (no cloak)
rCorr    .         Harm     .   (no gloves)
MR       +....                  (no boots)
Stlth    ..........             (no amulet)
HPRegen  0.15/turn              c - ring of protection from magic
MPRegen  0.09/turn              (no ring)

@: no status effects
A: no striking features
a: Renounce Religion


You were on level 8 of the Dungeon.
You worshipped Beogh.
Beogh was noncommittal.
You were not hungry.

You visited 1 branch of the dungeon, and saw 8 of its levels.

You collected 94 gold pieces.

Inventory:

Hand Weapons
 a - a +0 war axe (weapon)
Armour
 b - a +0 scale mail (worn)
Jewellery
 c - a ring of protection from magic (left hand)
Wands
 n - a wand of random effects (28)
Scrolls
 e - 2 scrolls of teleportation {unknown}
 g - 3 scrolls of immolation {unknown}
 h - 2 scrolls of remove curse {unknown}
 i - 2 scrolls of random uselessness {unknown}
 j - 2 scrolls of enchant armour {unknown}
 m - 2 scrolls of enchant weapon {unknown}
 q - a scroll of amnesia {unknown}
Potions
 d - a potion of might
 k - 2 potions of flight {unknown}
 l - a potion of agility {unknown}
 o - a potion of curing {unknown}
 p - a potion of mutation {unknown}
Comestibles
 f - 5 rations


   Skills:
 + Level 4.7 Fighting
 * Level 5.4 Axes
 + Level 4.2 Armour
   Level 3.2 Shields
 + Level 1.2 Invocations


You had 4 spell levels left.
You didn't know any spells.
Your spell library was empty.

Dungeon Overview and Level Annotations

Branches:
Dungeon (8/15)
 Temple: D:4-7         Lair: D:8-11

Altars:
Nemelex Xobeh
Yredelemnul

Annotations:
D:3 Sigmund


Message History

Found a cloak.
An ogre comes into view. It is wielding a giant club.
The ogre shouts!
You see here a wand of digging (8).
You see here a wand of digging (8).
Evoke which item? (* to show all) (? for menu, Esc to quit)
Aiming: Random Effects
Press: ? - help, Shift-Dir - straight line, f - ogre
Aim: an ogre, wielding a giant club The ogre twists and deforms.
The ogre hits you with a giant club!
* * * LOW HITPOINT WARNING * * *
Unknown command.
Evoke which item? (* to show all) (? for menu, Esc to quit)
Aiming: Random Effects
Press: ? - help, Shift-Dir - straight line, f/p - ogre
Aim: an ogre, wielding a giant club (misshapen and mutated)
The mass of ice explodes!
The iceblast engulfs the ogre.
The ogre is moderately wounded.
The iceblast engulfs you!
You die...

.......# ##.....#
.....# #..# ####..#####
#....<....# #.##..###.#
#..##O##...##.#
#.....@.....#.#
#.[....##...##.#
##.........###.#######.
#########.# #.<.......
#.# ########## #.# #.#
.#


You could see an ogre.

Vanquished Creatures
  A hound (D:7)
  Jessica (D:3)
  A worker ant (D:6)
  6 adders
  An ooze (D:2)
  An orc (D:6)
  4 bats (D:2)
  A giant cockroach (D:2)
  6 goblins
  5 hobgoblins
  6 frilled lizards
  5 kobolds
  A leopard gecko skeleton (D:6)
  2 quokka skeletons (D:4)
  A rat (D:1)
42 creatures vanquished.

Notes
Turn   | Place    | Note
-------+----------+-------------------------------------------
     0 | D:1      | 4thArraOfDagon the Hill Orc Fighter began the quest for the Orb.
     0 | D:1      | Reached XP level 1. HP: 19/19 MP: 1/1
    51 | D:1      | Reached skill level 3 in Axes
    59 | D:1      | Reached XP level 2. HP: 22/27 MP: 2/2
   171 | D:2      | Reached XP level 3. HP: 19/33 MP: 3/3
   215 | D:2      | Reached skill level 4 in Axes
   259 | D:2      | Found a sparkling altar of Nemelex Xobeh.
   261 | D:2      | You fall through a shaft!
   312 | D:3      | Reached XP level 4. HP: 21/40 MP: 4/4
   333 | D:3      | Noticed Sigmund
   347 | D:5      | Entered Level 5 of the Dungeon
   412 | D:3      | Found a basalt altar of Yredelemnul.
   432 | D:3      | Noticed Jessica
   445 | D:3      | Killed Jessica
   542 | D:6      | Became a worshipper of Beogh the Brigand
   587 | D:6      | Reached skill level 5 in Axes
   587 | D:6      | Reached XP level 5. HP: 37/47 MP: 5/5
   709 | D:7      | Reached skill level 1 in Invocations
   741 | D:7      | Noticed a sky beast
   752 | D:7      | Noticed a centaur
   777 | D:8      | Noticed an ogre
   786 | D:8      | HP: 2/47 [ogre/giant club (15)]
   787 | D:8      | Killed themself with a badly aimed iceblast

Vault maps used:
D:1:      erik_arrival_gehennom, serial_bayou_pond_c,
          hangedman_decor_diamond_cutter, minmay_misc_feat_room,
          kennysheep_flooded_box
D:2:      nemelex_spade_bored_becter, uniq_natasha
D:3:      nicolae_overflow_hidden_temple, uniq_sigmund, uniq_jessica
D:4:      first_ration, uniq_menkaure, uniq_robin
D:5:      minmay_temple_entry_junction, uniq_ijyb, uniq_pikel
D:6:      minmay_misc_feat_nine_boxes, uniq_blork_the_orc
D:7:      nicolae_alphabet_shops, grunt_ogre_cave

Skill      XL: |  1  2  3  4  5 |
---------------+----------------+-----
Axes           | 3 4 5 |  5.4
Fighting       | 4 |  4.7
Armour         | 4 |  4.2
Invocations    | 1 |  1.2
Shields        | |  3.2

Action                   |  1- 3 |  4- 6 || total
-------------------------+-------+-------++-------
Melee: War axe           |    86 |    50 ||   136
Invok: Convert to Beogh  |       |     1 ||     1
Evoke: Wand              |       |     1 ||     1
Armor: Scale mail        |    64 |    29 ||    93
Dodge: Dodged            |    39 |    25 ||    64

Table legend:
 A = Spawn XP
 B = Non-spawn XP
 C = Spawn XP percentage of total XP
 D = Spawn monster count
 E = Non-spawn monster count
 F = Spawn count percentage of total count
 G = Total turns spent on level
                    A         B        C        D         E        F      G
               +---------+---------+-------+---------+---------+-------+---------
         Total |       0 |     247 |   0.0 |       0 |      42 |   0.0 |   787
               +---------+---------+-------+---------+---------+-------+---------
           D:1 |       0 |      12 |   0.0 |       0 |       8 |   0.0 |    89
           D:2 |       0 |      55 |   0.0 |       0 |      16 |   0.0 |   172
           D:3 |       0 |      73 |   0.0 |       0 |       9 |   0.0 |   145
           D:4 |       0 |       3 |   0.0 |       0 |       3 |   0.0 |    73
           D:6 |       0 |      47 |   0.0 |       0 |       4 |   0.0 |   151
           D:7 |       0 |      57 |   0.0 |       0 |       2 |   0.0 |    76
               +---------+---------+-------+---------+---------+-------+---------
